 Dungeon Crawl Stone Soup version 0.31-a0-175-g9f7f995f2b (webtiles) character file.

Game seed: 3866957302489164887

83 qw the Shooter (level 4, -1/28 HPs)
             Began as a Gargoyle Hunter on June 16, 2023.
             Slain by an orc
             ... wielding a +0 short sword
              (5 damage)
             ... on level 3 of the Dungeon.
             The game lasted 00:00:45 (1737 turns).

qw the Shooter (Gargoyle Hunter)                    Turns: 1737, Time: 00:00:45

Health: -1/28      AC:  0    Str: 15    XL:     4   Next: 44%
Magic:  4/4        EV: 19    Int:  9    God:
Gold:   70         SH:  0    Dex: 20    Spells: 3/3 levels left

rFire   . . .        Y - melded +1 shortbow
rCold   . . .        (shield currently unavailable)
rNeg    + . .        b - melded +0 ring mail
rPois   inf          (helmet currently unavailable)
rElec   .            (cloak currently unavailable)
rCorr   .            (gloves currently unavailable)
SInv    .            (boots currently unavailable)
Will    .....        (no amulet)
Stlth   ++           j - melded +6 ring of strength
HPRegen 0.24/turn    (ring currently unavailable)
MPRegen 0.09/turn

%: no passive effects
@: bat-form, flying, very quick
A: fast, flying, no casting, sickness immunity, AC +3, tiny, negative energy
resistance 1, (electricity resistance), torment resistance 1, petrification
resistance
a: no special abilities


You were on level 3 of the Dungeon.
You were a bat.
You visited 1 branch of the dungeon, and saw 3 of its levels.

You collected 91 gold pieces.
You spent 21 gold pieces at shops.


Innate Abilities, Weirdness & Mutations

You are a bat.
You are tiny and dextrous.
You move quickly.
You are flying.
Your equipment is almost entirely melded.
You are incapable of wielding weapons or throwing items.
You cannot cast spells.
You are immune to sickness and miasma.
((Your stone body is resilient. (AC +3)))
You are immune to poison.
You resist negative energy. (rN+)
((You are resistant to electric shocks. (rElec)))
You are resistant to unholy torment.
You are immune to petrification.


   Skills:
 - Level 3.0 Fighting
 - Level 5.4 Ranged Weapons
 + Level 0.1 Armour
 - Level 1.5 Dodging
 - Level 1.1 Stealth


You had 3 spell levels left.
You didn't know any spells.
Your spell library was empty.

Inventory:

Hand Weapons
 Y - a +1 shortbow (melded)
Armour
 b - a +0 ring mail (melded)
Jewellery
 j - a +6 ring of strength (melded)
Scrolls
 h - a scroll of identify
Potions
 d - 2 potions of curing
 e - a potion of haste {unknown}
 f - a potion of lignification
 i - a potion of berserk rage {unknown}
 k - a potion of ambrosia {unknown}

Dungeon Overview and Level Annotations

Branches:
Dungeon (3/15)

Altars:

Shops:
D:1 *

Annotations:
D:3 Ijyb


Message History

You hit Ijyb but do no damage.
Ijyb is lightly wounded.
The bat misses you. The orc barely misses you. Ijyb hits you with a +0 club.
You barely miss Ijyb.
Ijyb is lightly wounded.
The bat barely misses you. The orc completely misses you.
Ijyb closely misses you.
You hit Ijyb but do no damage.
Ijyb is lightly wounded.
The bat misses you. The orc completely misses you.
Ijyb hits you with a +0 club!
You hit Ijyb but do no damage.
Ijyb is lightly wounded.
You feel less batty.
Your +1 shortbow unmelds from your body.
Your +0 ring mail unmelds from your body.
Your +6 ring of strength unmelds from your body.
You feel stronger. The bat misses you. The orc hits you but does no damage.
Ijyb zaps a wand.
You resist with some effort.
You shoot an arrow. The arrow hits Ijyb but does no damage.
Ijyb is lightly wounded.
The bat hits you but does no damage. The orc misses you.
Ijyb zaps a wand.
You turn into a bat.
Your +1 shortbow melds into your body.
Your +0 ring mail melds into your body.
Your +6 ring of strength melds into your body.
You feel weaker.
You hit Ijyb but do no damage.
Ijyb is lightly wounded.
The bat barely misses you. The orc misses you. Ijyb misses you.
You barely miss Ijyb.
Ijyb is lightly wounded.
The bat completely misses you. The orc misses you. Ijyb misses you.
You hit Ijyb but do no damage.
Ijyb is lightly wounded.
The bat closely misses you. The orc hits you with a +0 short sword.
Ijyb misses you.
You hit Ijyb but do no damage.
Ijyb is lightly wounded.
The bat closely misses you. The orc hits you with a +0 short sword.
You die...

.. .... .$.$...#
....#.# # #.#...
#.#..... ......#
# ..
#.#.o##.#....
##.#....b%b..$..
.......<.g.#....
........#.## .
#######...#
#.### #.# #..
..# #.#


You could see Ijyb, an orc and a bat.

Vanquished Creatures
  A gnoll (D:1)
  2 adders (D:2)
  A worm (D:2)
  A dart slug (D:2)
  A ball python (D:1)
  4 endoplasms
  3 goblins
  5 hobgoblins
  4 quokkas
  6 bats
  4 frilled lizards (D:1)
  8 kobolds
  9 rats
49 creatures vanquished.

Notes
Turn   | Place    | Note
-------+----------+-------------------------------------------
     0 | D:1      | qw the Gargoyle Hunter began the quest for the Orb.
     0 | D:1      | Reached XP level 1. HP: 12/12 MP: 1/1
     0 | D:1      | 0 ||| qw: Version: 0.2-a-29-g511e9b1
     0 | D:1      | 0 ||| qw: Game counter: 5673
     0 | D:1      | 0 ||| qw: Always use a shield: true
     0 | D:1      | 0 ||| qw: God list: Okawaru
     0 | D:1      | 0 ||| qw: Allow faded altars: false
     0 | D:1      | 0 ||| qw: Do Orc after D:15 true
     0 | D:1      | 0 ||| qw: Do second Lair branch before Depths: true
     0 | D:1      | 0 ||| qw: Lair rune preference: random
     0 | D:1      | 0 ||| qw: Plans: Normal, Zot:1-4, Slime:5, God:TSO, Crypt,
                  | Tomb, Abyss, Pan, Hells, Win
     0 | D:1      | 0 ||| PLANNING D:1-11
   165 | D:1      | 165 ||| FLEEEEING.
   182 | D:1      | Reached XP level 2. HP: 17/17 MP: 2/2
   483 | D:1      | Reached skill level 5 in Ranged Weapons
   483 | D:1      | Reached XP level 3. HP: 10/21 MP: 3/3
   780 | D:1      | Found Xyh Huuc's Assorted Antiques.
   796 | D:1      | 796 ||| SHOPLISTING coral ring (120 gold, have 21).
   796 | D:1      | 796 ||| BUYING fizzy golden potion (21 gold).
   796 | D:1      | Bought a fizzy golden potion for 21 gold pieces
   796 | D:1      | 796 ||| SHOPLISTING scroll labelled DOKLELUZA (24 gold,
                  | have 0).
   796 | D:1      | 796 ||| SHOPLISTING scroll labelled EJEENG YFAI (24 gold,
                  | have 0).
   796 | D:1      | 796 ||| SHOPLISTING scroll labelled ZOADUU XA FEFA (24
                  | gold, have 0).
   914 | D:1      | 914 ||| UPGRADING to +6 ring of strength.
   915 | D:1      | 915 ||| READING scroll labelled GIVICIUCWO.
   916 | D:1      | 916 ||| READING 2 scrolls labelled DOKLELUZA.
   917 | D:1      | 917 ||| READING scroll labelled YDEIRI RATUILI.
   918 | D:1      | 918 ||| DRINKING 2 golden potions.
   919 | D:1      | 919 ||| DRINKING 2 fizzy golden potions.
   965 | D:1      | 965 ||| DROPPING scroll of butterflies.
  1188 | D:2      | Reached skill level 3 in Fighting
  1409 | D:2      | Reached XP level 4. HP: 17/28 MP: 4/4
  1663 | D:2      | 1663 ||| UPGRADING to +0 ring mail.
  1673 | D:2      | 1673 ||| DROPPING +0 leather armour.
  1674 | D:2      | 1674 ||| DROPPING ring of magical power.
  1675 | D:2      | 1675 ||| READING scroll labelled HEKODGHASICW.
  1676 | D:2      | 1676 ||| READING 2 scrolls of identify.
  1676 | D:2      | 1676 ||| IDENTIFYING dark potion
  1699 | D:3      | Noticed Ijyb
  1716 | D:3      | HP: 3/28 [Ijyb/+0 club (8)]
  1717 | D:3      | 1717 ||| DRINKING potion of heal wounds.
  1731 | D:3      | HP: 5/28 [Ijyb/+0 club (8)]
  1736 | D:3      | HP: 4/28 [orc/+0 short sword (3)]
  1737 | D:3      | Slain by an orc

Levels and vault maps discovered:
D:1:      dpeg_arrival_three_same_balls, layout_basic, serial_shops,
          nicolae_shop_peninsula, minmay_pentomino_v4
D:2:      layout_basic, kennysheep_minor_cross
D:3:      layout_loops_ring, marbit_many_paths, trog_hazing_becter,
          grunt_gozag_breadcrumbs, minmay_pentangle, uniq_jessica, uniq_natasha,
          uniq_ijyb

Skill      XL: |  1  2  3 |
---------------+----------+-----
Ranged Weapons | 5 |  5.4
Fighting       | 3 |  3.0
Armour         | |  0.1
Dodging        | |  1.5
Stealth        | |  1.1

Action                     |  1- 3 |  4- 6 || total
---------------------------+-------+-------++-------
  Melee: Unarmed           |       |    29 ||    29
   Fire: Shortbow          |   131 |    27 ||   158
    Use: Scroll            |     3 |     2 ||     5
         Potion            |     2 |     1 ||     3
 Armour: Leather armour    |    26 |       ||    26
         Ring mail         |       |     5 ||     5
  Dodge: Dodged            |    32 |    78 ||   110

Table legend:
 A = Non-vault XP
 B = Vault XP
 C = Vault XP percentage of total XP
 D = Non-vault monster count
 E = Vault monster count
 F = Vault count percentage of total count
                 A         B        C        D         E       F
            +---------+---------+-------+---------+---------+-------
      Total |     113 |       6 |   5.0 |      45 |       4 |   8.2
            +---------+---------+-------+---------+---------+-------
        D:1 |      53 |       6 |  10.2 |      26 |       4 |  13.3
        D:2 |      58 |       0 |   0.0 |      18 |       0 |   0.0
        D:3 |       2 |       0 |   0.0 |       1 |       0 |   0.0
            +---------+---------+-------+---------+---------+-------
